 Dungeon Crawl Stone Soup version bcrawl-1.28.4 (webtiles) character file.

Game seed: 15957642020570479757

113975 Morbidden the Ducker (level 4, 10/36 HPs)
             Began as a Hill Orc Archaeologist on Jan 3, 2021.
             Quit the game on level 4 of the Dungeon.
             The game lasted 00:03:22 (2265 turns).

Morbidden the Ducker (Hill Orc Archaeologist)       Turns: 2265, Time: 00:03:22

Health: 10/36      AC: 10    Str: 14    XL:     4   Next: 49%
Magic:  4/4        EV: 11    Int: 14    God:
Gold:   134        SH:  0    Dex:  9    Spells: 3/3 levels left

rFire    . . .     SeeInvis .   d - +0 falchion
rCold    . . .     Gourm    .   (no shield)
rNeg     + . .     Faith    .   l - +0 ring mail
rPois    .         Spirit   .   n - +2 helmet
rElec    .         Reflect  .   (no cloak)
rCorr    .         Harm     .   (no gloves)
MR       .....                  i - +1 pair of boots
Stlth    +.........             (no amulet)
HPRegen  0.12/turn              z - ring of positive energy
MPRegen  0.09/turn              (no ring)

@: berserk cooldown, slowed, very slow
A: no striking features
a: no special abilities


You were on level 4 of the Dungeon.
You were hungry.

You visited 1 branch of the dungeon, and saw 4 of its levels.

You collected 134 gold pieces.

Inventory:

Hand Weapons
 a - a +0 dagger
 b - a +0 blowgun
 d - a +0 falchion (weapon)
Missiles
 f - 6 curare-tipped needles
 w - 225 sling bullets
Armour
 c - a +1 robe
 i - a +1 pair of boots (worn)
 l - a +0 ring mail (worn)
 n - a +2 helmet (worn)
Jewellery
 z - a ring of positive energy (left hand)
Wands
 q - a wand of digging (9)
Scrolls
 g - 2 scrolls of magic mapping
 j - 2 scrolls of remove curse {unknown}
 k - a scroll of teleportation {unknown}
 o - a scroll of immolation {unknown}
 p - a scroll of blinking {unknown}
 s - a scroll of enchant weapon {unknown}
 v - a scroll of amnesia {unknown}
 y - a scroll of identify
Miscellaneous
 h - a dusty tome
Comestibles
 e - 3 rations {!d}
 x - a chunk of flesh


   Skills:
 * Level 2.3 Fighting
   Level 2.3 Short Blades
   Level 2.3 Long Blades
   Level 2.3 Axes
   Level 2.3 Maces & Flails
   Level 2.3 Polearms
   Level 2.3 Staves
 + Level 1.0 Armour
 + Level 3.4 Dodging
 - Level 3.0 Stealth
   Level 2.3 Unarmed Combat


You had 3 spell levels left.
You didn't know any spells.
Your spell library was empty.

Dungeon Overview and Level Annotations

Branches:
Dungeon (4/12)
 Temple: D:4-7

Altars:
Gozag
Makhleb
Vehumet
The Shining One


Message History

The crimson imp barely misses you.
You closely miss the crimson imp.
The crimson imp is moderately wounded.
The crimson imp hits you but does no damage.
You miss the crimson imp. Your punch misses the crimson imp.
The crimson imp is moderately wounded.
The crimson imp closely misses you.
The crimson imp sputters.
The crimson imp closely misses you.
You completely miss the crimson imp.
The crimson imp is lightly wounded.
The crimson imp barely misses you. The crimson imp closely misses you.
You hit the crimson imp.
The crimson imp is moderately wounded.
The crimson imp breathes fire at you. The flame tongue misses you.
You aren't carrying any potions.
Unknown command.
Okay, then.
Are you sure you want to abandon this character and quit the game? (Confirm with "yes".) ..####### ......5@# ...######

You could see a crimson imp.

Vanquished Creatures
  2 adders (D:3)
  An ooze (D:3)
  3 dart slugs
  3 leopard geckos
  A ball python (D:1)
  2 bat zombies (D:1)
  3 giant cockroaches
  6 goblins
  3 hobgoblins
  6 jackals (D:1)
  2 quokkas (D:2)
  5 bats
  2 frilled lizards
  9 kobolds
  2 rats
50 creatures vanquished.

Vanquished Creatures (others)
  A hobgoblin (D:2)
1 creature vanquished.

Grand Total: 51 creatures vanquished

Notes
Turn   | Place    | Note
-------+----------+-------------------------------------------
     0 | D:1      | Morbidden the Hill Orc Archaeologist began the quest for
                  | the Orb.
     0 | D:1      | Reached XP level 1. HP: 16/16 MP: 1/1
   290 | D:1      | Reached XP level 2. HP: 17/24 MP: 2/2
   694 | D:1      | Reached XP level 3. HP: 14/29 MP: 3/3
  1315 | D:2      | Found a radiant altar of Vehumet.
  1951 | D:3      | Found a burning altar of Makhleb.
  1951 | D:3      | Noticed a balrug
  1954 | D:3      | Noticed an orange demon
  1954 | D:3      | Noticed an orange demon
  2000 | D:3      | Reached XP level 4. HP: 30/36 MP: 4/4
  2023 | D:3      | Found a glowing golden altar of the Shining One.
  2023 | D:3      | Found an opulent altar of Gozag.
  2215 | D:3      | Reached skill level 1 in Armour
  2265 | D:4      | Quit the game

Skill      XL: |  1  2  3  4 |
---------------+-------------+-----
Stealth        | 3 |  3.0
Dodging        | 3 |  3.4
Fighting       | 2 |  2.3
Armour         | 1 |  1.0
Short Blades   | |  2.3
Long Blades    | |  2.3
Axes           | |  2.3
Maces & Flails | |  2.3
Polearms       | |  2.3
Staves         | |  2.3
Unarmed Combat | |  2.3

Action                   |  1- 3 |  4- 6 || total
-------------------------+-------+-------++-------
Melee: Whip              |    27 |       ||    27
       Punch             |     3 |       ||     3
       Dagger            |    78 |       ||    78
       Falchion          |    87 |    84 ||   171
  Use: Scroll            |     1 |       ||     1
       Potion            |       |     4 ||     4
 Stab: Sleeping          |     1 |       ||     1
  Eat: Chunk             |     8 |     2 ||    10
Armor: Robe              |    35 |       ||    35
       Ring mail         |    49 |    47 ||    96
Dodge: Dodged            |   144 |    46 ||   190
